 Dungeon Crawl Stone Soup version 0.27-a0-1196-g3e9cee4cb2 (webtiles) character file.

Game seed: 10042489385405742990

0 karrick the Vexing (level 1, -1/13 HPs)
             Began as a Vampire Enchanter on May 30, 2021.
             Slain by a kobold
             ... wielding a +0 short sword
              (5 damage)
             ... on level 1 of the Dungeon.
             The game lasted 00:00:09 (78 turns).

karrick the Vexing (Vampire Enchanter)                Turns: 78, Time: 00:00:10

Health: -1/13      AC:  2    Str:  7    XL:     1   Next: 8%
Magic:  3/3        EV: 12    Int: 17    God:
Gold:   17         SH:  0    Dex: 14    Spells: 3/4 levels left

rFire    . . .     SeeInvis +   a - +1 dagger
rCold    . . .     Faith    .   (no shield)
rNeg     . . .     Spirit   .   b - +0 robe
rPois    .         Reflect  .   (no helmet)
rElec    .         Harm     .   (no cloak)
rCorr    .         Rampage  .   (no gloves)
Will     .....                  (no boots)
Stlth    +++.......             (no amulet)
HPRegen  0.24/turn              (no ring)
MPRegen  0.08/turn              (no ring)

@: healing quickly
A: alive, fangs 3, see invisible, vampiric 1
a: Exsanguinate


You were on level 1 of the Dungeon.
You visited 1 branch of the dungeon, and saw 1 of its levels.

You collected 17 gold pieces.

Inventory:

Hand Weapons
 a - a +1 dagger (weapon)
Armour
 b - a +0 robe (worn)
Scrolls
 c - a scroll of vulnerability {unknown}
Potions
 d - a potion of flight {unknown}


   Skills:
 + Level 1.1 Short Blades
 + Level 2.2 Dodging
 + Level 4.4 Stealth
 + Level 2.0 Spellcasting
 + Level 4.4 Hexes


You had 3 spell levels left.
You knew the following spells:

 Your Spells              Type           Power      Damage    Failure   Level
a - Corona                Hex            17%        N/A       3%          1

Your spell library contained the following spells:

 Spells                   Type           Power      Damage    Failure   Level
 Confusing Touch          Hex            16%        N/A       10%         3
 Tukima's Dance           Hex            16%        N/A       10%         3
 Ensorcelled Hibernation  Hex/Ice        18%        N/A       12%         2
 Dazzling Flash           Conj/Hex       18%        N/A       24%         3


Dungeon Overview and Level Annotations

Branches:
Dungeon (1/15)

Altars:


Innate Abilities, Weirdness & Mutations

Your natural rate of healing is accelerated.
You have razor-sharp teeth.
You have supernaturally acute eyesight. (SInv)
You are afflicted with vampirism.


Message History

No target in view!
No target in view!
You see here a frilled lizard corpse.
d - a dark potion You now have 17 gold pieces.
You open the door.
There is an open door here.
Found a faded altar of an unknown god.
A kobold comes into view. It is wielding a +0 short sword.
A kobold is nearby!
You enter the shallow water.
Moving in this stuff is going to be slow.
The kobold throws a stone.
The stone hits you but does no damage.
The kobold throws a stone.
The stone hits you.
The kobold hits you with a +0 short sword.
You closely miss the kobold.
The kobold hits you with a +0 short sword.
* * * LOW HITPOINT WARNING * * *
You are too injured to fight recklessly!
You are too injured to fight recklessly!
You are too injured to fight recklessly!
You are too injured to fight recklessly!
You are too injured to fight recklessly!
You are too injured to fight recklessly!
You are too injured to fight recklessly!
You are too injured to fight recklessly!
You are too injured to fight recklessly!
You are too injured to fight recklessly!
You are too injured to fight recklessly!
You are too injured to fight recklessly!
You are too injured to fight recklessly!
You are too injured to fight recklessly!
A kobold is nearby!
A kobold is nearby!
A kobold is nearby!
The kobold throws a stone.
The stone barely misses you. The kobold barely misses you.
You closely miss the kobold.
The kobold hits you with a +0 short sword.
You die...

#.#.#≈.≈...≈≈.
##..#..≈.≈≈≈.≈..
...#...≈.≈≈≈≈≈≈
#..#....≈._≈...
#..#...≈.≈≈≈≈≈≈
######.#..≈.≈≈≈.≈..
........#≈.≈...≈≈.#
########K.≈.....≈#
#.@#.....#. .
#####...#####....
.................
.........#.######
########.#...
#.##### #.######
#.#....# #.'....#


You could see a kobold.

Vanquished Creatures
  A frilled lizard (D:1)
1 creature vanquished.

Notes
Turn   | Place    | Note
-------+----------+-------------------------------------------
     0 | D:1      | karrick the Vampire Enchanter began the quest for the Orb.
     0 | D:1      | Reached XP level 1. HP: 13/13 MP: 3/3
    66 | D:1      | Found a faded altar of an unknown god.
    78 | D:1      | Slain by a kobold

Illustrated notes

Levels and vault maps discovered:
D:1:      noname_arrival_rooms_in_the_neighbourhood, layout_basic, serial_shops,
          shop, shapermc_ecumenical_altar_starsandcircs

Action                   || total
-------------------------++-------
Melee: Dagger            ||     3
Armor: Robe              ||     1
Dodge: Dodged            ||     2

Table legend: (Time is in decaauts)
 A = Elapsed time spent in this place.
 B = Non-inter-level travel time spent in this place.
 C = Inter-level travel time spent in this place.
 D = Time resting spent in this place.
 E = Time spent auto-exploring this place.
 F = Levels seen in this place.
 G = Mean time per level.
                   A        B        C        D        E       F      G
               +--------+--------+--------+--------+--------+-----+--------+
         Total |     78 |     78 |      0 |      0 |     61 |   1 |   78.0 |
       Dungeon |     78 |     78 |      0 |      0 |     61 |   1 |   78.0 |
               +--------+--------+--------+--------+--------+-----+--------+

Top non-repeatable levels by time:
     D:1: 78 daAuts
